 Dungeon Crawl Stone Soup version 0.19-a0-1672-g679cadd (webtiles) character file.

260 Ijustatesigmund the Conjurer (level 5, -6/28 HPs)
             Began as a Deep Elf Conjurer on Sept 22, 2016.
             Shot with an arrow by a centaur (10 damage)
             ... on level 3 of the Dungeon.
             The game lasted 00:08:23 (2183 turns).

Ijustatesigmund the Conjurer (Deep Elf Conjurer)    Turns: 2183, Time: 00:08:25

Health: -6/28      AC:  3    Str:  5    XL:     5   Next: 95%
Magic:  11/14      EV: 14    Int: 21    God:
Gold:   111        SH:  0    Dex: 15    Spells: 4 memorised, 3 levels left

rFire  . . .     SeeInvis .     m - +1 rapier (speed)
rCold  . . .     Gourm    .     a - +1 robe
rNeg   . . .     Faith    .     (no shield)
rPois  .         Spirit   .     (no helmet)
rElec  .         Dismiss  .     (no cloak)
rCorr  .         Reflect  .     (no gloves)
MR     .....     Harm     .     (no boots)
Stlth  ++........               (no amulet)
                                (no ring)
                                (no ring)

@: no status effects
A: no striking features
a: no special abilities


You were on level 3 of the Dungeon.
You were not hungry.

You visited 1 branch of the dungeon, and saw 3 of its levels.

You collected 111 gold pieces.

Inventory:

Hand Weapons
 d - a +0 dagger of draining
 f - a +0 short sword
 m - a +1 rapier of speed (weapon)
Missiles
 l - 7 curare-tipped needles
Armour
 a - a +1 robe (worn)
Scrolls
 i - a scroll of blinking
Potions
 e - a potion of agility {unknown}
 h - 2 potions of heal wounds
 j - a potion of might {unknown}
Books
 b - a book of Conjurations

   Spells                             Type                      Level
   a - Magic Dart                     Conjuration                  1
   b - Searing Ray                    Conjuration                  2
   c - Dazzling Spray                 Conjuration/Hexes            3
   d - Fulminant Prism                Conjuration/Hexes            4
   e - Iskenderun's Mystic Blast      Conjuration                  4
   f - Iskenderun's Battlesphere      Conjuration/Charms           5
Comestibles
 c - 3 bread rations
 g - a royal jelly
 k - a meat ration


   Skills:
 - Level 3.4 Dodging
 - Level 2.4 Stealth
 + Level 5.2 Spellcasting
 + Level 5.2 Conjurations
 + Level 4.2 Hexes
 * Level 1.5 Charms


You had 3 spell levels left.
You knew the following spells:

 Your Spells              Type           Power        Failure   Level  Hunger
a - Magic Dart            Conj           ####         1%          1    None
b - Searing Ray           Conj           ####..       1%          2    None
c - Dazzling Spray        Conj/Hex       ####..       4%          3    ##.....
d - Iskenderun's Battles  Conj/Chrm      ###.....     78%         5    #####..


Dungeon Overview and Level Annotations

Branches:
Dungeon (3/15)

Altars:


Message History

You hit the bat but do no damage. The bat hits you. The bat barely misses you.
The bat hits you but does no damage.
You hit the bat but do no damage. The bat closely misses you.
Casting: Magic Dart
Confirm with . or Enter, or press ? or * to list all spells.
Aiming: Searing Ray
Press: ? - help, Shift-Dir - straight line, f - centaur
Aim: a centaur The searing ray hits the bat.
You kill the bat!
The centaur wields a shortbow.
The centaur shoots an arrow.
The arrow hits you!
An adder comes into view.
The searing ray hits the centaur.
The centaur is moderately wounded.
The centaur shoots an arrow.
The arrow hits you!
Ouch! That really hurt!
* * * LOW HITPOINT WARNING * * *
The adder bites you but does no damage.
The centaur shoots an arrow.
The arrow hits you!
You die...

. #.# .
#.########
.
#........#
.
###.####.#
. #.#
#.###### #
#.#
#.#"[#..
#.#
#.#?..c##
#.#
#.##.S†.#
#.# #.†#
#@## ..#
#.####..#
#..
#..#.##'#
#.......#
.#
#########
.


You could see a centaur and an adder.

Vanquished Creatures
  Sigmund (D:2)
  2 adders (D:2)
  An ooze (D:2)
  A worm (D:2)
  4 dart slugs
  5 orcs (D:3)
  10 bats
  2 giant cockroaches (D:2)
  5 goblins
  6 hobgoblins
  2 jackals (D:2)
  A quokka (D:2)
  A ball python (D:2)
  6 frilled lizards
  8 kobolds
  4 rats
59 creatures vanquished.

Notes
Turn   | Place    | Note
-------+----------+-------------------------------------------
     0 | D:1      | Ijustatesigmund the Deep Elf Conjurer began the quest for the Orb.
     0 | D:1      | Reached XP level 1. HP: 10/10 MP: 6/6
    86 | D:1      | Reached XP level 2. HP: 15/15 MP: 0/8
   190 | D:1      | Learned a level 2 spell: Searing Ray
   956 | D:2      | Reached XP level 3. HP: 19/19 MP: 7/10
   961 | D:2      | Learned a level 3 spell: Dazzling Spray
   998 | D:2      | Reached skill level 1 in Hexes
  1230 | D:2      | Noticed Sigmund
  1252 | D:2      | Killed Sigmund
  1252 | D:2      | Reached skill level 5 in Spellcasting
  1252 | D:2      | Reached skill level 5 in Conjurations
  1252 | D:2      | Reached XP level 4. HP: 11/24 MP: 1/13
  1252 | D:2      | Reached XP level 5. HP: 13/28 MP: 1/14
  1430 | D:2      | Learned a level 5 spell: Iskenderun's Battlesphere
  1779 | D:3      | Reached skill level 1 in Charms
  2178 | D:3      | Noticed a centaur
  2183 | D:3      | Shot with an arrow by a centaur

Vault maps used:
D:1:      minmay_arrival_up_and_down
D:2:      uniq_sigmund
D:3:      minmay_wonky_spiral, okawaru_gym_becter

Skill      XL: |  1  2  3  4  5 |
---------------+----------------+-----
Dodging        | 3 |  3.4
Spellcasting   | 4 5 |  5.2
Hexes          | 4 |  4.2
Conjurations   | 5 |  5.2
Charms         | 1 |  1.5
Stealth        | |  2.4

Action                   |  1- 3 |  4- 6 || total
-------------------------+-------+-------++-------
Melee: Dagger            |     9 |       ||     9
       Short sword       |     8 |     6 ||    14
       Rapier            |       |     2 ||     2
 Cast: Magic Dart        |    56 |    52 ||   108
       Dazzling Spray    |     1 |     4 ||     5
       Searing Ray       |     1 |     1 ||     2
  Use: Scroll            |     4 |     5 ||     9
 Stab: Sleeping          |       |     1 ||     1
  Eat: Chunk             |     1 |     3 ||     4
Armor: Robe              |     9 |     3 ||    12
Dodge: Dodged            |    16 |    13 ||    29
